 Dungeon Crawl Stone Soup version 0.24-a0-475-g5b41c6f (webtiles) character file.

Game seed: 9962393983656663227

410 Spazmo the Magician (level 6, -1/32 HPs)
             Began as a Deep Elf Fire Elementalist on July 5, 2019.
             Slain by an orc priest
             ... wielding a +0 mace
              (8 damage)
             ... on level 3 of the Dungeon.
             The game lasted 00:04:48 (1426 turns).

Spazmo the Magician (Deep Elf Fire Elementalist)    Turns: 1426, Time: 00:04:48

Health: -1/32      AC:  4    Str:  5    XL:     6   Next: 58%
Magic:  5/17       EV: 13    Int: 22    God:
Gold:   62         SH:  0    Dex: 18    Spells: 2/17 levels left

rFire    . . .     SeeInvis .   b - +0 dagger
rCold    . . .     Gourm    .   (no shield)
rNeg     . . .     Faith    .   a - +0 robe
rPois    .         Spirit   .   g - +0 hat
rElec    .         Reflect  .   (no cloak)
rCorr    .         Harm     .   m - +0 pair of gloves
MR       .....                  e - +0 pair of boots
Stlth    +++.......             (no amulet)
HPRegen  0.10/turn              d - ring of stealth
MPRegen  0.15/turn              q - +3 ring of dexterity

@: no status effects
A: no striking features
a: no special abilities


You were on level 3 of the Dungeon.
You were hungry.

You visited 1 branch of the dungeon, and saw 3 of its levels.

You collected 62 gold pieces.

Inventory:

Hand Weapons
 b - a +0 dagger (weapon)
Missiles
 f - 47 stones (quivered)
Armour
 a - a +0 robe (worn)
 e - a +0 pair of boots (worn)
 g - a +0 hat (worn)
 m - a +0 pair of gloves (worn)
Jewellery
 d - a ring of stealth (left hand)
 q - a +3 ring of dexterity (right hand)
Scrolls
 n - a scroll of remove curse
Potions
 h - a potion of curing {unknown}
 i - a potion of magic
 j - a potion of brilliance {unknown}
 k - a potion of cancellation {unknown}
 l - a potion of heal wounds
Comestibles
 c - 6 rations
 o - a chunk of flesh


   Skills:
 - Level 2.4 Dodging
 - Level 2.4 Stealth
 + Level 6.0 Spellcasting
 + Level 4.3 Conjurations
 + Level 5.4 Fire Magic


You had 2 spell levels left.
You knew the following spells:

 Your Spells              Type           Power        Failure   Level  Hunger
a - Flame Tongue          Conj/Fire      ####.        1%          1    None
b - Throw Flame           Conj/Fire      ####..       1%          2    None
c - Conjure Flame         Conj/Fire      ####....     3%          3    #......
d - Sticky Flame          Conj/Fire      ####....     12%         4    ###....
e - Fireball              Conj/Fire      ####......   34%         5    #####..

Your spell library contained the following spells:

 Spells                   Type           Power        Failure   Level  Hunger
 Inner Flame              Hex/Fire       ###.....     9%          3    #......


Dungeon Overview and Level Annotations

Branches:
Dungeon (3/15)

Altars:
Gozag
Zin

Shops:
D:2 *


Message History

The orc priest is heavily wounded.
The orc priest mumbles some strange prayers to Beogh against you.
Beogh smites you!
* * * LOW HITPOINT WARNING * * *
An orc comes into view. It is wielding a +0 hand axe.
Casting: Flame Tongue (safe; 1% risk of failure)
Confirm with . or Enter, or press ? or * to list all spells.
Aiming: Flame Tongue (safe; 1% risk of failure)
Press: ? - help, Shift-Dir - straight line, f/p - orc priest
Aim: an orc priest, wielding a +0 mace and wearing a +0 ring mail (heavily wounded)
The flame tongue misses the orc priest.
The orc priest misses you.
Casting: Flame Tongue (safe; 1% risk of failure)
Confirm with . or Enter, or press ? or * to list all spells.
Aiming: Flame Tongue (safe; 1% risk of failure)
Press: ? - help, Shift-Dir - straight line, f/p - orc priest
Aim: an orc priest, wielding a +0 mace and wearing a +0 ring mail (heavily wounded)
The flame tongue hits the orc priest.
The orc priest is almost dead.
The orc priest hits you with a +0 mace!
You die...

##.^#######........ .
....#### ######### .###
.......# ######...
###.##.# #.. ... #.##.#
#.##.#?####
#.##.#########..........
#.##............#.......
#.############รท##...####
#.# #@# ...# #. #o# ...#
#o# ...# #o# ...# #o#
..## #.# ... ###


You could see an orc priest and 3 orcs.

Vanquished Creatures
  Grinder (D:3)
  Sigmund (D:2)
  2 adders (D:2)
  An ooze (D:3)
  A worm (D:2)
  A dart slug (D:1)
  2 leopard geckos
  4 giant cockroaches
  4 goblins
  4 hobgoblins
  2 jackals (D:2)
  3 kobolds
  2 bats
  6 frilled lizards
  7 rats
41 creatures vanquished.

Notes
Turn   | Place    | Note
-------+----------+-------------------------------------------
     0 | D:1      | Spazmo the Deep Elf Fire Elementalist began the quest for
                  | the Orb.
     0 | D:1      | Reached XP level 1. HP: 10/10 MP: 6/6
   117 | D:1      | Reached XP level 2. HP: 15/15 MP: 4/8
   121 | D:1      | Learned a level 2 spell: Throw Flame
   639 | D:2      | Found Gozag's Platinum Reserve.
   674 | D:2      | Reached XP level 3. HP: 19/19 MP: 8/10
   679 | D:2      | Learned a level 3 spell: Conjure Flame
   910 | D:2      | Reached skill level 4 in Spellcasting
   941 | D:2      | Noticed Sigmund
   948 | D:2      | Killed Sigmund
   948 | D:2      | Reached skill level 5 in Spellcasting
   948 | D:2      | Reached XP level 4. HP: 19/24 MP: 4/13
   948 | D:2      | Reached XP level 5. HP: 22/28 MP: 4/14
   955 | D:2      | Learned a level 4 spell: Sticky Flame
   959 | D:2      | Found a glowing silver altar of Zin.
  1123 | D:2      | Found an opulent altar of Gozag.
  1302 | D:3      | Noticed Grinder
  1314 | D:3      | Killed Grinder
  1314 | D:3      | Reached skill level 5 in Fire Magic
  1314 | D:3      | Reached XP level 6. HP: 32/32 MP: 4/16
  1321 | D:3      | Learned a level 5 spell: Fireball
  1363 | D:3      | Reached skill level 6 in Spellcasting
  1426 | D:3      | Slain by an orc priest

Levels and vault maps discovered:
D:1:      tarquinn_simple_flora_water_d, layout_basic, minmay_tiny_reverse_x
D:2:      layout_basic, zin_statuary, first_ration,
          nicolae_gozag_zags_fifth_avenue, uniq_sigmund
D:3:      layout_loops_ring, elyvilon_altar_4, uniq_grinder

Skill      XL: |  1  2  3  4  5  6 |
---------------+-------------------+-----
Conjurations   | 2 3 4 |  4.3
Spellcasting   | 5 6 |  6.0
Fire Magic     | 4 5 |  5.4
Dodging        | |  2.4
Stealth        | |  2.4

Action                   |  1- 3 |  4- 6 || total
-------------------------+-------+-------++-------
Melee: Dagger            |     3 |       ||     3
 Cast: Flame Tongue      |    58 |    23 ||    81
       Throw Flame       |       |     3 ||     3
       Sticky Flame      |       |     1 ||     1
  Use: Scroll            |     1 |     2 ||     3
       Potion            |     1 |       ||     1
  Eat: Chunk             |       |     1 ||     1
Armor: Robe              |     5 |       ||     5
Dodge: Dodged            |    10 |     1 ||    11

Table legend:
 A = Non-vault XP
 B = Vault XP
 C = Vault XP percentage of total XP
 D = Non-vault monster count
 E = Vault monster count
 F = Vault count percentage of total count
                 A         B        C        D         E       F
            +---------+---------+-------+---------+---------+-------
      Total |      92 |     494 |  84.3 |      37 |       4 |   9.8
            +---------+---------+-------+---------+---------+-------
        D:1 |      31 |       3 |   8.8 |      19 |       2 |   9.5
        D:2 |      52 |     205 |  79.8 |      15 |       1 |   6.2
        D:3 |       9 |     286 |  96.9 |       3 |       1 |  25.0
            +---------+---------+-------+---------+---------+-------
